 Dungeon Crawl Stone Soup version 0.30-a0-528-g8c47a4955b (webtiles) character file.

Game seed: 4527092807269259279

64 PyroL the Changer (level 4, -1/28 HPs)
             Began as an Octopode Transmuter on Dec 23, 2022.
             Slain by an orc priest
             ... wielding a +0 mace
              (6 damage)
             ... on level 2 of the Dungeon.
             The game lasted 00:02:28 (1277 turns).

PyroL the Changer (Octopode Transmuter)             Turns: 1277, Time: 00:02:29

Health: -1/28      AC:  1    Str:  9    XL:     4   Next: 12%
Magic:  4/7        EV: 13    Int: 17    God:
Gold:   64         SH:  0    Dex: 12    Spells: 4/7 levels left

rFire   . . .      SeeInvis .    b - +1 whip (elec)
rCold   . . .      Faith    .    (no shield)
rNeg    . . .      Spirit   .    (helmet currently unavailable)
rPois   .          Reflect  .    (no amulet)
rElec   .          Harm     .    (no ring)
rCorr   .          Rampage  .    (no ring)
Will    .....                    (no ring)
Stlth   ++                       (no ring)
HPRegen 0.24/turn                (no ring)
MPRegen 0.10/turn                (no ring)
                                 (no ring)
                                 (no ring)

@: appendages, wereblooded
A: tentacle spike 3, almost no armour, amphibious, 8 rings, camouflage 1,
gelatinous body 1, (nimble swimmer 1), tentacles
a: End Transformation


You were on level 2 of the Dungeon.
One of your tentacles had grown a beastly spike.
You visited 1 branch of the dungeon, and saw 2 of its levels.

You collected 64 gold pieces.

Inventory:

Hand Weapons
 b - a +1 whip of electrocution (weapon)
Potions
 a - a potion of lignification
 d - a potion of heal wounds {unknown}
 g - a potion of curing {unknown}


   Skills:
 - Level 1.0 Fighting
 - Level 2.0 Dodging
 - Level 3.0 Unarmed Combat
 - Level 2.0 Spellcasting
 + Level 3.3 Transmutations
 - Level 3.0 Poison Magic


You had 4 spell levels left.
You knew the following spells:

 Your Spells              Type           Power      Damage    Failure   Level
a - Beastly Appendage     Tmut           26%        N/A       4%          1
b - Wereblood             Tmut           13%        N/A       8%          2

Your spell library contained the following spells:

 Spells                   Type           Power      Damage    Failure   Level
 Spider Form              Tmut/Pois      12%        N/A       16%         3
 Ice Form                 Ice/Tmut       7%         N/A       69%         4
 Summon Lightning Spire   Summ/Air       1%         N/A       88%         4
 Storm Form               Tmut/Air       3%         N/A       100%        7
 Maxwell's Capacitive Co  Air            0%         ∞         100%        8


Dungeon Overview and Level Annotations

Branches:
Dungeon (2/15)

Altars:

Shops:
D:1 *


Innate Abilities, Weirdness & Mutations

One of your tentacles has grown a beastly spike.
You cannot wear most types of armour.
You are amphibious.
You can wear up to eight rings at the same time.
Your skin changes colour to match your surroundings (Stealth+).
Your rubbery body absorbs attacks. (AC +1, EV +1)
((You are camouflaged when in or above water. (Stealth+)))
You have tentacles for arms and can constrict up to eight enemies at once.


Message History

You start resting.
Your tentacle spike disappears.
Your primal bloodlust is almost over.
You start resting.
Your primal bloodlust has ended.
You start resting.
Magic restored.
You start resting.
HP restored.
Casting: Wereblood (safe; 8% risk of failure)
Confirm with . or Enter, or press ? or * to list all spells.
One of your tentacles grows a vicious spike.
Casting: Beastly Appendage (safe; 4% risk of failure)
Confirm with . or Enter, or press ? or * to list all spells.
Your blood is infused with primal strength.
You climb downwards.
There is a stone staircase leading up here.
Things that are here:
a +0 leather armour; a +0 club; an orc corpse The orc priest calls down the wrath of Beogh upon you.
Beogh smites you!
Things that are here:
a +0 trident; an orc corpse You closely miss the orc priest.
Your grab misses the orc priest.
You squeeze the orc priest, but do no damage.
The orc priest hits you with a +0 mace.
* * * LOW HITPOINT WARNING * * *
The orc priest mumbles some strange prayers to Beogh against you.
Pain shoots through your body!
* * * LOW HITPOINT WARNING * * *
You hit the orc priest. You grab the orc priest.
You pierce the orc priest, but do no damage.
The orc priest is moderately wounded.
You constrict the orc priest. The orc priest barely misses you.
You hit the orc priest.
You squeeze the orc priest, but do no damage.
The orc priest is almost dead.
You constrict the orc priest, but do no damage.
The orc priest hits you with a +0 mace.
You die...

..# #..# #..# #..#
#..# #. #..# #
#..#########.(####.#
.? #....[.o@[<.......#
..:#.#.###.####...###.
#.#.##. #.# ##..#
.......###o# #).#
#.#.$...##.# #....
.......o.o.# ###.##
#.......#..# .#
#.......#..# ..
#.......#.## ##


You could see an orc priest.

Vanquished Creatures
  An orc priest (D:1)
  A worm (D:2)
  2 orcs (D:2)
  3 ball pythons (D:1)
  2 bats (D:1)
  An endoplasm (D:1)
  A giant cockroach (D:1)
  A hobgoblin (D:1)
  2 jackals (D:1)
  A quokka (D:1)
  5 frilled lizards (D:1)
  5 goblins
  2 kobolds (D:1)
  3 rats (D:1)
30 creatures vanquished.

Notes
Turn   | Place    | Note
-------+----------+-------------------------------------------
     0 | D:1      | PyroL the Octopode Transmuter began the quest for the Orb.
     0 | D:1      | Reached XP level 1. HP: 13/13 MP: 3/3
   125 | D:1      | Reached skill level 1 in Poison Magic
   155 | D:1      | Found Utwakk's General Store.
   157 | D:1      | Reached XP level 2. HP: 18/18 MP: 3/5
   211 | D:1      | Learned a level 2 spell: Wereblood
   493 | D:1      | Reached XP level 3. HP: 23/23 MP: 4/6
   498 | D:1      | Found a faded altar of an unknown god.
  1120 | D:1      | Reached XP level 4. HP: 5/28 MP: 4/7
  1277 | D:2      | Slain by an orc priest

Illustrated notes

Levels and vault maps discovered:
D:1:      eino_arrival_druids_welcome, layout_loops_ring, serial_shops,
          nicolae_shop_competitors_out_of_business,
          dreamdust_ecumenical_altar_sealed_demon
D:2:      cheibrodos_pilgrimage, layout_loops_ring, serial_shops, shop,
          nicolae_shop_overgrown_old_shop, nicolae_square_shop, shop, shop,
          serial_bayou_crossing

Skill      XL: |  1  2  3 |
---------------+----------+-----
Poison Magic   | 1 2 3 |  3.0
Transmutations | 3 |  3.3
Fighting       | |  1.0
Dodging        | |  2.0
Unarmed Combat | |  3.0
Spellcasting   | |  2.0

Action                   |  1- 3 |  4- 6 || total
-------------------------+-------+-------++-------
Melee: Unarmed           |    51 |       ||    51
       Constrict         |    14 |     1 ||    15
       Tentacles         |    13 |     2 ||    15
       Kick              |    16 |     1 ||    17
       Whip              |     8 |     3 ||    11
       Punch             |     1 |       ||     1
 Cast: Beastly Appendage |    19 |     2 ||    21
       Wereblood         |     1 |     2 ||     3
  Use: Scroll            |     3 |       ||     3
 Stab: Sleeping          |     3 |       ||     3
Armor: Skin              |     8 |       ||     8
Dodge: Dodged            |    31 |     1 ||    32

Table legend: (Time is in decaauts)
 A = Elapsed time spent in this place.
 B = Non-inter-level travel time spent in this place.
 C = Inter-level travel time spent in this place.
 D = Time resting spent in this place.
 E = Time spent auto-exploring this place.
 F = Levels seen in this place.
 G = Mean time per level.
                   A        B        C        D        E       F      G
               +--------+--------+--------+--------+--------+-----+--------+
         Total |   1278 |   1255 |     23 |    378 |    618 |   2 |  639.0 |
       Dungeon |   1278 |   1255 |     23 |    378 |    618 |   2 |  639.0 |
               +--------+--------+--------+--------+--------+-----+--------+

Top non-repeatable levels by time:
     D:1: 1112 daAuts
     D:2: 165 daAuts
